 Dungeon Crawl Stone Soup version 0.27-a0-686-gaed091b46b (webtiles) character file.

Game seed: 16188956050932146797

62390 HoaS the Cruncher (level 14, -5/124 HPs)
             Began as a Demigod Gladiator on Mar 20, 2021.
             Killed by divine providence
             ... invoked by Saint Roka
              (17 damage)
             ... on level 2 of the Orcish Mines.
             The game lasted 01:06:04 (32486 turns).

HoaS the Cruncher (Demigod Gladiator)              Turns: 32486, Time: 01:06:05

Health: -5/124     AC: 34    Str: 27    XL:     14   Next: 27%
Magic:  17/17      EV: 36    Int:  8    God:
Gold:   984        SH:  0    Dex: 23    Spells: 13/13 levels left

rFire    . . .     SeeInvis +   a - +3 quarterstaff (protect)
rCold    . . .     Faith    .   (shield currently unavailable)
rNeg     + . .     Spirit   .   H - +1 chain mail "Vonas" {+Inv rN+ Str+4 Int-2}
rPois    .         Reflect  .   c - +1 helmet
rElec    +         Harm     .   p - +1 cloak of Layq {rElec SInv}
rCorr    .         Rampage  .   j - +0 pair of gloves
Will     +....                  R - +2 pair of boots
Stlth    ..........             f - amulet of the acrobat
HPRegen  0.30/turn              q - +4 ring of evasion
MPRegen  0.15/turn              e - +4 ring of protection

@: about to teleport, protection aura, acrobatic, hasted, very quick
A: high mp 1, forlorn
a: Evoke Invisibility


You were on level 2 of the Orcish Mines.
You visited 3 branches of the dungeon, and saw 21 of its levels.
You also visited: Ice Cave.

You collected 1748 gold pieces.
You spent 764 gold pieces at shops.

Inventory:

Hand Weapons
 a - a +3 quarterstaff of protection (weapon)
Missiles
 U - 5 throwing nets
Armour
 c - a +1 helmet (worn)
 j - a +0 pair of gloves (worn)
 p - the +1 cloak of Layq (worn) {rElec SInv}
   (You found it on level 5 of the Dungeon)

   It insulates you from electricity.
   It lets you see invisible.
 z - a +0 plate armour
 H - the +1 chain mail "Vonas" (worn) {+Inv rN+ Str+4 Int-2}
   (You found it on level 11 of the Dungeon)

   It affects your strength (+4).
   It affects your intelligence (-2).
   It protects you from negative energy.
   It lets you turn invisible.
 R - a +2 pair of boots (worn)
Jewellery
 e - a +4 ring of protection (left hand)
 f - an amulet of the acrobat (around neck)
 k - a ring of flight
 n - a ring of poison resistance
 o - a +6 ring of dexterity
 q - a +4 ring of evasion (right hand)
 I - a +4 ring of protection
 L - a +6 ring of strength
 N - a ring of ice
 O - a +4 ring of evasion
Wands
 g - a wand of iceblast (19)
 l - a wand of mindburst (9)
 B - a wand of charming (17)
 D - a wand of paralysis (8)
 E - a wand of flame (18)
 F - a wand of random effects (45)
 M - a wand of polymorph (32)
Scrolls
 t - 2 scrolls of teleportation
 y - 2 scrolls of enchant weapon
 A - a scroll of fear
 G - a scroll of summoning
 P - a scroll of magic mapping
 S - a scroll of silence
 T - 2 scrolls of identify
Potions
 b - 6 potions of lignification
 d - a potion of ambrosia
 h - 8 potions of curing
 i - a potion of mutation
 m - a potion of resistance
 v - 3 potions of flight
 w - 4 potions of invisibility
 C - 2 potions of attraction
 K - a potion of cancellation
 Q - 3 potions of heal wounds
Miscellaneous
 s - a phantom mirror
 J - a phial of floods


   Skills:
 + Level 11.4 Fighting
 - Level 14.0 Staves
 - Level 1.7 Throwing
 + Level 11.5 Armour
 + Level 11.5 Dodging


You had 13 spell levels left.
You didn't know any spells.
Your spell library contained the following spells:

 Spells                   Type           Power      Damage    Failure   Level
 Corona                   Hex            0%         N/A       88%         1
 Magic Dart               Conj           0%         1d3       88%         1
 Blink                    Tloc           N/A        N/A       95%         2
 Call Imp                 Summ           0%         N/A       95%         2
 Ensorcelled Hibernation  Hex/Ice        0%         N/A       95%         2
 Slow                     Hex            0%         N/A       95%         2
 Confusing Touch          Hex            0%         N/A       99%         3
 Conjure Flame            Conj/Fire      0%         6-21      99%         3
 Dazzling Flash           Conj/Hex       0%         N/A       99%         3
 Gell's Gravitas          Tloc           0%         N/A       99%         3
 Mephitic Cloud           Conj/Pois/Air  0%         N/A       99%         3
 Tukima's Dance           Hex            0%         N/A       99%         3
 Ice Form                 Ice/Tmut       0%         N/A       100%        4
 Petrify                  Tmut/Erth      0%         N/A       100%        4
 Bolt of Magma            Conj/Fire/Erth 0%         4d4       100%        5
 Iskenderun's Battlesphe  Conj           0%         2d6       100%        5
 Metabolic Englaciation   Hex/Ice        0%         N/A       100%        5
 Yara's Violent Unravell  Hex/Tmut       0%         3d3       100%        5
 Freezing Cloud           Conj/Ice/Air   0%         6-21      100%        6
 Iron Shot                Conj/Erth      0%         9d1       100%        6
 Simulacrum               Ice/Necr       0%         N/A       100%        6
 Orb of Destruction       Conj           0%         N/A       100%        7
 Ozocubu's Refrigeration  Ice            0%         4d5       100%        7
 Spellforged Servitor     Conj/Summ      0%         N/A       100%        7


Dungeon Overview and Level Annotations

Branches:
Dungeon (13/15)            Temple (0/1) D:5            Lair (6/6) D:11
  Swamp (0/4) Lair:2       Spider (0/4) Lair:2        Slime (0/5) Lair:5
    Orc (2/2) D:10            Elf (0/3) Orc:2         IceCv (visited)
 Vaults: D:13-14

Shops:
D:2 :   D:4 [   D:6 !   D:7 !   D:10 =   D:12 =   Orc:2 [((=

Annotations:
Lair:2 exclusion: oklob plant
Lair:5 exclusion: 3 oklob plants
Orc:2 Saint Roka


Innate Abilities, Weirdness & Mutations

Your attributes grow dramatically as you level up.
You have an increased reservoir of magic. (+10% MP)
You shall have no god before yourself.


Message History

The acid corrodes Saint Roka!
Saint Roka is lightly wounded.
Saint Roka shoots a bolt.
The bolt closely misses you.
The bolt of acid hits Saint Roka!
Saint Roka is splashed with acid.
Saint Roka seems to be corroded for longer.
Saint Roka is lightly wounded.
The now-empty wand crumbles to dust.
Saint Roka invokes the aid of Beogh against you.
Beogh smites you!
You feel yourself speed up.
Saint Roka shoots a bolt.
The bolt hits you!! The bolt freezes you!
You see here a +0 short sword.
Saint Roka unwields a +2 arbalest of freezing.
Saint Roka wields a +0 great sword.
Saint Roka hits you with a +0 great sword.
You sock Saint Roka!
Your weapon exudes an aura of protection.
Saint Roka is lightly wounded.
You hit Saint Roka but do no damage.
Saint Roka is lightly wounded.
Saint Roka hits you with a +0 great sword!
You sock Saint Roka!
Saint Roka is moderately wounded.
You bludgeon Saint Roka!!
Saint Roka is moderately wounded.
Saint Roka mumbles some strange prayers to Beogh against you.
Beogh smites you!
* * * LOW HITPOINT WARNING * * *
You hit Saint Roka.
Saint Roka is moderately wounded.
You bludgeon Saint Roka!!
Saint Roka is heavily wounded.
As you read the scroll of teleportation, it crumbles to dust.
You feel strangely unstable.
Saint Roka calls down the wrath of Beogh upon you.
Beogh smites you!
* * * LOW HITPOINT WARNING * * *
Saint Roka calls down the wrath of Beogh upon you.
Beogh smites you!
You die...

##....##.....#####...##
##...##.....).##....##
#....#..............##
......#..............#
......o.............##
............)....#..##
.....................###
......<..........##.##.##
..............o.@.[.....#
................)[[....##
#...............[<#.....#
##.......[.......#####.##
#........).##.....## ###
.............#.....#
............)...#.##
#...............###
.....#.......#...#


You could see Saint Roka (corroded).

Vanquished Creatures
  2 orc warlords
  An ettin (Orc:2)
  A fire dragon (Lair:6)
  Harold (Orc:1)
  8 hydras
  A catoblepas (Lair:6)
  A tengu warrior (D:8)
  Urug (Lair:3)
  An orc high priest (Orc:2)
  A fire crab (Lair:6)
  A necromancer (D:12)
  2 orc knights
  An orange crystal statue (D:12)
  3 orc sorcerers
  An ugly thing (D:12)
  5 black mambas
  A torpor snail (Lair:5)
  3 molten gargoyles (Lair:6)
  18 cane toads
  2 rime drakes
  7 komodo dragons
  2 ice devils (Lair:2)
  7 trolls
  6 polar bears
  18 blink frogs
  9 dream sheep
  6 slime creatures (D:12)
  7 wyverns
  A wraith (D:10)
  43 yaks
  7 basilisks
  Grum (D:11)
  3 vampire mosquitoes (Lair:2)
  2 steam dragons (Lair:6)
  A soldier ant (D:13)
  4 wargs
  4 hell hounds (Lair:6)
  Duvessa (D:7)
  16 water moccasins
  32 orc warriors
  8 black bears
  A hornet zombie (D:6)
  5 ice beasts
  24 wolves
  7 ogres
  3 necrophages
  5 centaurs
  5 phantoms
  2 kobold brigands (D:10)
  14 bullfrogs
  11 scorpions
  A water moccasin skeleton (D:9)
  Dowan (D:7)
  14 killer bees
  7 electric eels
  3 wights (D:11)
  2 vampire bats (Orc:2)
  4 howler monkeys
  2 centaur skeletons
  3 centaur zombies
  5 lava snakes (Lair:6)
  A bullfrog zombie (D:7)
  30 orc priests
  4 jellies
  12 hounds
  A bullfrog skeleton (D:5)
  6 iguanas
  Jessica (D:3)
  Ijyb (D:3)
  Natasha (thrice) (D:2)
  22 orc wizards
  5 worker ants
  5 polar bear simulacra (D:12)
  3 yak simulacra (D:12)
  2 wolf simulacra (D:12)
  3 hound skeletons
  A worker ant zombie (D:5)
  11 adders
  6 gnolls
  A howler monkey skeleton (D:11)
  2 shadow imps
  7 white imps
  3 ufetubi
  5 adder zombies
  4 oozes
  3 adder skeletons
  6 worms
  4 dart slugs
  3 leopard geckos
  116 orcs
  2 ball pythons
  13 bats
  6 giant cockroaches
  4 goblins
  13 hobgoblins
  4 jackals (D:9)
  12 kobolds
  4 quokkas
  7 frilled lizards
  A leopard gecko skeleton (D:4)
  A leopard gecko zombie (D:8)
  A quokka skeleton (D:7)
  7 rats
  A river rat simulacrum (D:12)
706 creatures vanquished.

Vanquished Creatures (others)
  A basilisk (Lair:6)
  41 fungi
  51 plants
93 creatures vanquished.

Grand Total: 799 creatures vanquished

Notes
Turn   | Place    | Note
-------+----------+-------------------------------------------
     0 | D:1      | HoaS the Demigod Gladiator began the quest for the Orb.
     0 | D:1      | Reached XP level 1. HP: 17/17 MP: 3/3
    82 | D:1      | Reached skill level 3 in Staves
   218 | D:1      | Reached XP level 2. HP: 12/24 MP: 4/4
   736 | D:1      | Reached skill level 4 in Staves
   736 | D:1      | Reached XP level 3. HP: 26/29 MP: 5/5
  1090 | D:2      | Noticed Natasha
  1272 | D:2      | Killed Natasha
  1273 | D:2      | Reached XP level 4. HP: 23/36 MP: 6/6
  1422 | D:2      | Reached skill level 5 in Staves
  1465 | D:2      | Noticed Natasha
  1473 | D:2      | Killed Natasha
  1672 | D:2      | Found Lyevoc's Book Boutique.
  2015 | D:2      | Noticed Natasha
  2021 | D:2      | Killed Natasha
  2022 | D:2      | Reached XP level 5. HP: 36/41 MP: 7/7
  2104 | D:3      | Noticed Jessica
  2162 | D:3      | Killed Jessica
  2194 | D:3      | Reached skill level 6 in Staves
  2441 | D:3      | Noticed Ijyb
  2441 | D:3      | Paralysed by Ijyb for 3 turns
  2473 | D:3      | Killed Ijyb
  2844 | D:3      | Reached XP level 6. HP: 48/48 MP: 8/8
  3350 | D:4      | Found Taestriu's Antique Armour Boutique.
  3823 | D:4      | Reached skill level 7 in Staves
  4445 | D:5      | Entered Level 5 of the Dungeon
  4459 | D:5      | Reached XP level 7. HP: 53/53 MP: 9/9
  4671 | D:5      | Reached skill level 8 in Staves
  5167 | D:5      | Identified the +1 cloak of Layq {rElec SInv}
  5247 | D:5      | Found a staircase to the Ecumenical Temple.
  5358 | D:5      | Reached skill level 9 in Staves
  6204 | D:6      | Found Napp's Distillery.
  6209 | D:6      | Bought a potion of might for 60 gold pieces
  6209 | D:6      | Bought a potion of heal wounds for 75 gold pieces
  6209 | D:6      | Bought a potion of might for 60 gold pieces
  6511 | D:6      | Reached XP level 8. HP: 52/60 MP: 10/10
  6902 | D:6      | Reached skill level 10 in Staves
  7227 | D:7      | Noticed Duvessa
  7473 | D:7      | Found Keukhaje's Distillery.
  7494 | D:7      | Bought a potion of heal wounds for 65 gold pieces
  7531 | D:7      | Noticed Dowan
  7552 | D:7      | Killed Dowan
  7581 | D:7      | Killed Duvessa
  7878 | D:7      | Reached skill level 11 in Staves
  8896 | D:8      | Reached XP level 9. HP: 67/67 MP: 11/11
  9061 | D:8      | Noticed a tengu warrior
  9088 | D:8      | Killed a tengu warrior
  9089 | D:8      | Reached skill level 12 in Staves
  9411 | D:8      | Identified the +1 robe "Viwn" {+Blink rElec rF++ Int-2}
 10305 | D:9      | Reached skill level 13 in Staves
 10689 | D:10     | Entered Level 10 of the Dungeon
 10870 | D:10     | Reached XP level 10. HP: 65/73 MP: 13/13
 10942 | D:10     | Found Kozijol's Jewellery Emporium.
 11520 | D:10     | Reached skill level 14 in Staves
 11681 | D:10     | Found a staircase to the Orcish Mines.
 11778 | D:10     | Reached skill level 1 in Armour
 13508 | D:11     | Identified the +1 chain mail "Vonas" {+Inv rN+ Str+4 Int-2}
 13804 | D:11     | Noticed Grum
 13819 | D:11     | Killed Grum
 13907 | D:11     | You fall into a shaft and drop 2 floors!
 13946 | D:13     | Reached XP level 11. HP: 81/85 MP: 14/14
 14225 | D:11     | Found a staircase to the Lair.
 14407 | Lair:1   | Entered Level 1 of the Lair of Beasts
 14517 | D:11     | Reached skill level 5 in Fighting
 14517 | D:11     | Reached skill level 5 in Armour
 14517 | D:11     | Reached skill level 5 in Dodging
 14940 | Lair:1   | Noticed an eight-headed hydra
 14956 | Lair:1   | Killed an eight-headed hydra
 16032 | Lair:2   | Found a frozen archway.
 16055 | IceCv    | Entered an ice cave
 16306 | Lair:2   | Found a staircase to the Swamp.
 16375 | Lair:2   | Found a hole to the Spider Nest.
 17272 | D:10     | Bought a +4 ring of evasion for 504 gold pieces
 18074 | Lair:3   | Noticed Urug
 18103 | Lair:3   | HP: 2/92 [Urug/+4 broad axe of venom (16)]
 18106 | Lair:3   | Killed Urug
 18480 | Lair:3   | Reached XP level 12. HP: 90/100 MP: 15/15
 20180 | Lair:4   | Noticed a seven-headed hydra
 20194 | Lair:4   | Killed a seven-headed hydra
 20694 | Lair:4   | Noticed a seven-headed hydra
 20712 | Lair:4   | Killed a seven-headed hydra
 21297 | Lair:5   | Noticed a four-headed hydra
 21310 | Lair:5   | Killed a four-headed hydra
 21690 | Lair:5   | Found a staircase to the Slime Pits.
 22404 | Lair:6   | Entered Level 6 of the Lair of Beasts
 22968 | Lair:6   | Reached XP level 13. HP: 109/111 MP: 16/16
 23784 | Lair:6   | Reached skill level 10 in Armour
 23793 | Lair:6   | Reached skill level 10 in Fighting
 23800 | Lair:6   | Reached skill level 10 in Dodging
 25339 | Lair:6   | Found a large runed translucent door.
 25340 | Lair:6   | Found a large runed translucent door.
 27092 | D:12     | Found Moeculapt's Jewellery Shoppe.
 28172 | Orc:1    | Entered Level 1 of the Orcish Mines
 28186 | Orc:1    | Noticed Harold
 28197 | Orc:1    | Killed Harold
 28378 | Orc:2    | Entered Level 2 of the Orcish Mines
 28925 | Orc:1    | Reached XP level 14. HP: 113/124 MP: 17/17
 29105 | Orc:2    | Noticed an orc warlord
 29295 | Orc:1    | Killed an orc warlord
 29507 | Orc:2    | Found Daekhled's Antique Weapon Emporium.
 29509 | Orc:2    | Found Erhusu Olout's Antique Armour Shoppe.
 29849 | Orc:2    | Found a staircase to the Elven Halls.
 29882 | Orc:2    | Noticed an orc warlord
 29917 | Orc:2    | Killed an orc warlord
 30106 | Orc:2    | Noticed Saint Roka
 30425 | Orc:2    | Found Hogod's Weapon Boutique.
 31171 | Orc:2    | Found Cej Vera's Jewellery Shoppe.
 32486 | Orc:2    | Killed from afar by Saint Roka

Illustrated notes

Levels and vault maps discovered:
D:1:      kilobyte_arrival_exit_the_forest, layout_basic,
          minmay_misc_feat_columns
D:2:      layout_loops_ring, serial_shops, nicolae_shop_stone,
          minmay_misc_feat_rugged, nrook_mini_backslash,
          nicolae_ru_the_path_less_chosen, uniq_natasha
D:3:      layout_loops_ring, marbit_many_paths, grunt_ministairs_4,
          uniq_jessica, uniq_ijyb
D:4:      layout_basic, gammafunk_temple_overflow_wave, serial_shops,
          shop_fountains, chequers_big_river, kennysheep_flooded_box
D:5:      layout_layer_cave, minmay_temple_entry_statues_fountains
D:6:      wad_lake_hut, layout_cave_pools, serial_shops, kennysheep_little_box,
          makhleb_blood_cavern_becter
D:7:      layout_rooms, serial_shops, shop_fountains, st_stairs_4, uniq_duvessa
D:8:      layout_layer_cave, general_overflow_altar, tgw_xom, minmay_microvault
D:9:      layout_cave_pools
D:10:     layout_irregular_city, david_orc_2, serial_shops, shop
D:11:     layout_cave_pools, grunt_lair_entry_orc_guard_hut, kennysheep_diamond,
          uniq_grum
D:12:     layout_grid_maze, serial_shops, nicolae_shop_statue_plus,
          minivault_16, eino_house_with_fridge
D:13:     layout_layer_cave, hangedman_ranch [blue_anna_fruit_fields],
          uniq_nessos, uniq_maurice
Lair:1:   layout_misc_corridors, beast_lair_carwin_2,
          infiniplex_staircase_pool_2, serial_bayou_shore_b
Lair:2:   layout_hall_layers, minmay_swamp_entry_swarm,
          nicolae_spider_entry_non_spiders, portal_ice_cave_demonic_guard,
          lemuel_oklob_altar
Lair:3:   layout_cave_pods, cheibrodos_lair_reptile_den, grunt_megastairs_4,
          serial_bayou_shore_b, serial_bayou_shore_a, infiniplex_staircase_pool,
          uniq_urug
Lair:4:   layout_regular_city, gammafunk_lair_bear_cave, grunt_megastairs_2
Lair:5:   layout_roguey, slime_altar_1, grunt_forest_stairs_basic,
          serial_bayou_shore_b, minmay_lair_oklob_chamber
Lair:6:   cheibrodos_lair_end_hotspot, layout_cave_pods, basic_altar,
          lemuel_centaur_altar
Orc:1:    lemuel_ogre_cave, layout_diamond_mine, uniq_harold
Orc:2:    grunt_orc_community_town_hall, layout_caves,
          grunt_orc_community_big_house_2, grunt_orc_community_big_house_1,
          grunt_orc_community_house_2, grunt_orc_community_house_3,
          grunt_orc_community_house_1, grunt_orc_community_house_3,
          roderic_batcave, uniq_saint_roka

Skill      XL: |  1  2  3  4  5  6  7  8  9 10 11 12 13 |
---------------+----------------------------------------+-----
Staves         | 3 4 5 6 7 9 11 13 14 | 14.0
Fighting       | 4 7 9 11 | 11.4
Dodging        | 4 7 9 11 | 11.5
Armour         | 4 7 9 11 | 11.5
Throwing       | |  1.7

Action                   |  1- 3 |  4- 6 |  7- 9 | 10-12 | 13-15 || total
-------------------------+-------+-------+-------+-------+-------++-------
Melee: Quarterstaff      |   114 |   191 |   579 |  1297 |  1233 ||  3414
Throw: Throwing net      |       |     3 |     1 |       |       ||     4
Evoke: Wand              |       |       |     1 |    10 |    17 ||    28
  Use: Scroll            |       |    10 |    10 |    10 |     4 ||    34
       Potion            |       |       |     2 |     6 |     6 ||    14
 Stab: Sleeping          |       |     1 |       |       |       ||     1
       Held in net/web   |       |     1 |     1 |       |       ||     2
Armor: Leather armour    |    25 |    21 |       |       |       ||    46
       Chain mail        |       |    24 |   137 |   307 |   351 ||   819
       Plate armour      |       |       |   139 |   203 |       ||   342
Dodge: Dodged            |    94 |   106 |   249 |   682 |  1117 ||  2248

Table legend: (Time is in decaauts)
 A = Elapsed time spent in this place.
 B = Non-inter-level travel time spent in this place.
 C = Inter-level travel time spent in this place.
 D = Time resting spent in this place.
 E = Time spent auto-exploring this place.
 F = Levels seen in this place.
 G = Mean time per level.
                   A        B        C        D        E       F      G
               +--------+--------+--------+--------+--------+-----+--------+
         Total |  31411 |  30132 |   1279 |  11623 |  12859 |  22 | 1427.8 |
       Dungeon |  15867 |  15187 |    680 |   5032 |   7174 |  13 | 1220.5 |
          Lair |  11261 |  10663 |    598 |   4056 |   4859 |   6 | 1876.8 |
  Orcish Mines |   4099 |   4099 |      0 |   2413 |    805 |   2 | 2049.5 |
      Ice Cave |    184 |    184 |      0 |    121 |     21 |   1 |  184.0 |
               +--------+--------+--------+--------+--------+-----+--------+

Top non-repeatable levels by time:
  Lair:6: 3598 daAuts
  Lair:3: 2175 daAuts
   Orc:2: 2084 daAuts
   Orc:1: 2014 daAuts
    D:10: 1989 daAuts
     D:8: 1833 daAuts
    D:11: 1742 daAuts
  Lair:2: 1599 daAuts
  Lair:5: 1518 daAuts
     D:5: 1508 daAuts
    D:12: 1284 daAuts
  Lair:4: 1248 daAuts
     D:3: 1241 daAuts
     D:6: 1181 daAuts
     D:1: 1174 daAuts
